 Dungeon Crawl Stone Soup version 0.31-a0-986-g5e6e4ef867 (webtiles) character file.

Game seed: 2761343652214333685

4041 Persephone the Cleaver (level 10, -4/84 HPs)
             Began as a Minotaur Monk on Nov 23, 2023.
             Was a High Priest of Okawaru.
             Shot with an arrow by a centaur warrior (18 damage)
             ... on level 8 of the Dungeon.
             The game lasted 00:13:20 (5703 turns).

Persephone the Cleaver (Minotaur Monk)              Turns: 5703, Time: 00:13:20

Health: -4/84      AC: 10    Str: 20    XL:     10   Next: 4%
Magic:  9/9        EV:  8    Int:  7    God:    Okawaru [*****.]
Gold:   392        SH:  5    Dex: 13    Spells: 9/9 levels left

rFire   . . .        D - +3 war axe
rCold   . . .        k - +0 buckler
rNeg    . . .        v - +0 chain mail
rPois   +            (helmet restricted)
rElec   .            m - +0 cloak
rCorr   .            n - +0 pair of gloves {hurl}
SInv    .            (no boots)
Will    .....        d - amulet of regeneration Stlth
                     j - +4 ring of slaying
HPRegen 1.14/turn    b - ring of poison resistance
MPRegen 0.11/turn

%: no passive effects
@: slowed, very slow
A: horns 2, retaliatory headbutt
a: Renounce Religion, Heroism, Finesse, Duel


You were on level 8 of the Dungeon.
You worshipped Okawaru.
Okawaru was extremely pleased with you.
You visited 2 branches of the dungeon, and saw 9 of its levels.

You collected 392 gold pieces.

Inventory:

Hand Weapons
 D - a +3 war axe (weapon)
Armour
 k - a +0 buckler (worn)
 m - a +0 cloak (worn)
 n - a +0 pair of gloves of hurling (worn)
 v - a +0 chain mail (worn)
Jewellery
 b - a ring of poison resistance (right hand)
 d - an amulet of regeneration (around neck)
 f - a ring of ice
 j - a +4 ring of slaying (left hand)
 t - a ring of resist corrosion
 x - a +6 ring of strength
Wands
 l - a wand of polymorph (10)
 s - a wand of paralysis (2)
 z - a wand of mindburst (3)
Scrolls
 p - 2 scrolls of teleportation
 y - 2 scrolls of revelation
Potions
 c - a potion of ambrosia
 e - 4 potions of curing
 g - a potion of resistance
 h - 2 potions of heal wounds
 i - 2 potions of lignification
 q - a potion of cancellation
 r - a potion of berserk rage {unknown}
 u - 2 potions of might
 w - 3 potions of degeneration {unknown}
 C - a potion of magic {unknown}


   Skills:
 + Level 6.8 Fighting
 + Level 14.3 Axes
 + Level 4.6 Throwing
 - Level 3.2 Dodging
 + Level 5.9 Shields


You had 9 spell levels left.
You didn't know any spells.
Your spell library contained the following spells:

 Spells                   Type           Power      Damage    Failure   Level
 Kiss of Death            Conj/Necr      0%         2d5       99%         1
 Poisonous Vapours        Pois/Air       0%         N/A       100%        2
 Confusing Touch          Hex            0%         N/A       100%        3
 Hailstorm                Conj/Ice       0%         3d3       100%        3
 Mephitic Cloud           Conj/Pois/Air  0%         N/A       100%        3
 Dimensional Bullseye     Hex/Tloc       0%         N/A       100%        4
 Dispel Undead            Necr           0%         3d6       100%        4
 Iskenderun's Mystic Bla  Conj/Tloc      0%         2d3       100%        4
 Manifold Assault         Tloc           0%         N/A       100%        4
 Freezing Cloud           Conj/Ice/Air   0%         6-21      100%        5
 Dispersal                Tloc           0%         N/A       100%        6
 Disjunction              Tloc           0%         N/A       100%        8
 Tukima's Dance           Hex            Unusable   N/A       N/A         3
 Summon Ice Beast         Ice/Summ       Unusable   N/A       N/A         4
 Simulacrum               Ice/Necr       Unusable   N/A       N/A         6

Dungeon Overview and Level Annotations

Branches:
Dungeon (8/15)             Temple (1/1) D:6
   Lair: D:8-11

Altars:
Ashenzari
Cheibriados
Dithmenos
Elyvilon
Fedhas
Hepliaklqana
Makhleb
Okawaru
Qazlal
Sif Muna
Trog
Uskayaw
Vehumet
Wu Jian
Xom
Yredelemnul
Zin
The Shining One

Shops:
D:1 [??[*   D:3 (


Innate Abilities, Weirdness & Mutations

You have a pair of horns on your head.
You reflexively headbutt those who attack you in melee.


Message History

The vampire draws life force from you!
The vampire is healed by the life force!
You slash the vampire!
The vampire is almost destroyed.
The vampire closely misses you. The vampire bites you.
The vampire draws strength from your injuries!
You slash the vampire!
You destroy the vampire!
Okawaru accepts your kill.
HP restored.
A hornet comes into view.
You throw a poisoned dart.
The poisoned dart closely misses the hornet.
The hornet buzzes angrily.
You throw a poisoned dart.
The poisoned dart closely misses the hornet.
A hornet is nearby!
A centaur warrior comes into view. It is wielding a +0 dagger.
You see here 12 gold pieces.
Auto kill stopped - Too dangerous: Extremely Dangerous (1) Dangerous (1) Easy (0) Harmless (0)
The centaur warrior shouts!
The centaur warrior unwields a +0 dagger.
The centaur warrior wields a +0 shortbow.
The centaur warrior shoots an arrow.
The arrow hits you! The hornet barely misses you.
Okay, then.
The hornet closely misses you.
The centaur warrior shoots an arrow.
The arrow hits you! The hornet stings you.
The centaur warrior shoots an arrow.
The arrow hits you!
The centaur warrior shoots an arrow.
You block the arrow. The hornet stings you!
You are poisoned.
You feel yourself slow down.
You feel better. The hornet stings you.
You feel as though you will be slow longer.
The centaur warrior shoots an arrow.
The arrow hits you!!
* * * LOW HITPOINT WARNING * * *
You block the hornet's attack.
The centaur warrior shoots an arrow.
The arrow hits you!!
You die...

..(# .... #. ..(.
........ #. #..#
.....((. ..
#..###..c..# #.
##..#.......
##.##...#.....#
..##...#.).#.....#
.......##.†.....# .#
#......)<@.y...$#...#
.......).).###.....#
.........### ##(...#
.........# ....##
........## #...#
.....)... #.(##
......... ....
......... ....# #...


You could see a centaur warrior and a hornet.

Vanquished Creatures
  A two-headed ogre (D:7)
  A cyclops (D:7)
  2 vampires
  Eustachio (D:5)
  A vampire mosquito (D:7)
  An acid dragon (D:7)
  A water moccasin (D:6)
  A black bear (D:7)
  An orc warrior (D:6)
  2 ice beasts
  4 sky beasts
  An ogre (D:5)
  A centaur (D:7)
  A kobold brigand (D:7)
  2 bullfrogs (D:7)
  2 scorpions (D:6)
  6 wights
  2 howler monkeys
  3 hounds (D:6)
  Crazy Yiuf (D:5)
  2 orc priests (D:5)
  A jelly (D:5)
  6 iguanas
  5 orc wizards
  4 gnolls
  9 adders
  3 white imps
  2 worms
  3 dart slugs
  16 orcs
  4 bats
  7 endoplasms
  2 giant cockroaches (D:3)
  6 goblins
  9 hobgoblins
  4 jackals (D:2)
  4 quokkas
  6 ball pythons
  4 kobolds
  3 rats
135 creatures vanquished.

Notes
Turn   | Place    | Note
-------+----------+-------------------------------------------
     0 | D:1      | Persephone the Minotaur Monk began the quest for the Orb.
     0 | D:1      | Reached XP level 1. HP: 19/19 MP: 0/0
   186 | D:1      | Found Qonle's Armour Shop.
   231 | D:1      | Found Fuskoad's Assorted Antiques.
   367 | D:1      | Found Ycuwyn's Antique Armour Emporium.
   373 | D:1      | Reached skill level 4 in Axes
   399 | D:1      | Found Husaf's Magic Scroll Shoppe.
   403 | D:1      | Found Heysept's Magic Scroll Shop.
   480 | D:1      | Reached XP level 2. HP: 26/26 MP: 1/1
   740 | D:2      | Reached skill level 5 in Axes
   838 | D:2      | Reached XP level 3. HP: 28/31 MP: 2/2
  1153 | D:2      | Found a faded altar of an unknown god.
  1414 | D:3      | Reached skill level 6 in Axes
  1414 | D:3      | Reached XP level 4. HP: 24/39 MP: 3/3
  1704 | D:3      | Found Kiysause's Antique Weapon Shop.
  1836 | D:3      | Found an iron altar of Okawaru.
  2183 | D:3      | Became a worshipper of Warmaster Okawaru
  2183 | D:3      | Reached * piety under Okawaru
  2183 | D:3      | Reached ** piety under Okawaru
  2354 | D:4      | Reached skill level 7 in Axes
  2354 | D:4      | Reached XP level 5. HP: 43/45 MP: 4/4
  2382 | D:4      | Noticed an ice beast
  2396 | D:4      | Killed an ice beast
  2563 | D:4      | Reached skill level 8 in Axes
  2671 | D:4      | Reached XP level 6. HP: 51/51 MP: 5/5
  2910 | D:5      | Entered Level 5 of the Dungeon
  3062 | D:5      | Noticed Eustachio
  3074 | D:5      | Killed Eustachio
  3075 | D:5      | Reached skill level 9 in Axes
  3226 | D:5      | Reached XP level 7. HP: 55/57 MP: 6/6
  3271 | D:5      | Found a basalt altar of Yredelemnul.
  3273 | D:5      | Found a snail-covered altar of Cheibriados.
  3336 | D:5      | Reached skill level 10 in Axes
  3400 | D:5      | Found a white marble altar of Elyvilon.
  3783 | D:5      | Found a runed translucent door.
  3785 | D:5      | Noticed Crazy Yiuf
  3795 | D:5      | Killed Crazy Yiuf
  3861 | D:6      | Reached *** piety under Okawaru
  3862 | D:6      | Reached skill level 11 in Axes
  3970 | D:6      | Reached XP level 8. HP: 62/64 MP: 7/7
  4014 | D:6      | Found a staircase to the Ecumenical Temple.
  4025 | Temple   | Entered the Ecumenical Temple
  4040 | D:6      | Reached skill level 12 in Axes
  4616 | D:7      | Reached skill level 1 in Shields
  4618 | D:7      | Reached **** piety under Okawaru
  4619 | D:7      | Reached skill level 13 in Axes
  4619 | D:7      | Reached skill level 1 in Throwing
  4722 | D:7      | Reached XP level 9. HP: 37/72 MP: 8/8
  4730 | D:7      | Noticed a cyclops
  4906 | D:7      | Reached skill level 5 in Fighting
  4923 | D:7      | Reached ***** piety under Okawaru
  4950 | D:7      | Noticed a two-headed ogre
  4959 | D:7      | Killed a two-headed ogre
  4959 | D:7      | Received a gift from Okawaru
  4960 | D:7      | Reached skill level 14 in Axes
  5239 | D:7      | Reached skill level 5 in Shields
  5346 | D:7      | Killed a cyclops
  5641 | D:8      | Reached XP level 10. HP: 84/84 MP: 9/9
  5696 | D:8      | Noticed a centaur warrior
  5703 | D:8      | Shot with an arrow by a centaur warrior

Illustrated notes

Levels and vault maps discovered:
D:1:      ebering_hopf_link, layout_rooms, serial_shops,
          nicolae_shop_pleasant_corner_grove, shop, shop,
          nicolae_lakefront_shop, shop
D:2:      minmay_door_path, layout_rooms, hellmonk_ecumenical_altar_run_dry
D:3:      layout_rooms, mainiacjoe_overflow_alcove_2, serial_shops, shop,
          kennysheep_decorative_pillar, chequers_garden
D:4:      layout_basic, minmay_misc_feat_tiny
D:5:      nicolae_cairo_tiling_large, layout_cave_pools,
          lemuel_coloured_pillars_altar, mainiacjoe_overflow_catwalk_spiral,
          st_stairs_5, uniq_crazy_yiuf_cottage, uniq_eustachio
D:6:      layout_gridville, minmay_temple_entry_large_hall
D:7:      layout_basic, minmay_shattered_shrine
D:8:      minmay_diamond_stairs, layout_cave_pools,
          grunt_temple_overflow_opulence, mainiacjoe_overflow_24_doors,
          serial_shops, shop, reono_crystal_passage, guppyfry_shop_venom,
          uniq_prince_ribbit1
Temple:   nicolae_temple_ecumenical_triangle

Skill      XL: |  1  2  3  4  5  6  7  8  9 |
---------------+----------------------------+-----
Axes           | 4 5 6 7 8 9 11 13 14 | 14.3
Shields        | 2 5 |  5.9
Fighting       | 4 6 |  6.8
Throwing       | 2 4 |  4.6
Dodging        | |  3.2

Action                     |  1- 3 |  4- 6 |  7- 9 | 10-12 || total
---------------------------+-------+-------+-------+-------++-------
  Melee: Hand axe          |    92 |    95 |   128 |       ||   315
         Headbutt          |    11 |    20 |    33 |     2 ||    66
         War axe           |       |       |    14 |     7 ||    21
  Throw: Dart              |     5 |    10 |     3 |     4 ||    22
         Boomerang         |       |    39 |    43 |       ||    82
 Invoke: Heroism           |       |     2 |     3 |       ||     5
    Use: Scroll            |       |     9 |     7 |       ||    16
         Potion            |       |       |       |     1 ||     1
   Stab: Distracted        |       |       |     3 |       ||     3
 Armour: Robe              |     8 |       |       |       ||     8
         Scale mail        |    42 |    57 |       |       ||    99
         Chain mail        |       |     5 |    80 |    11 ||    96
  Dodge: Dodged            |    45 |    27 |    20 |     5 ||    97
  Block: Buckler           |     7 |     8 |    17 |     2 ||    34

Table legend: (Time is in decaauts)
 A = Elapsed time spent in this place.
 B = Non-inter-level travel time spent in this place.
 C = Inter-level travel time spent in this place.
 D = Time resting spent in this place.
 E = Time spent auto-exploring this place.
 F = Levels seen in this place.
 G = Mean time per level.
                   A        B        C        D        E       F      G
               +--------+--------+--------+--------+--------+-----+--------+
         Total |   5691 |   5051 |    640 |      0 |   4055 |   9 |  632.3 |
       Dungeon |   5687 |   5047 |    640 |      0 |   4055 |   8 |  710.9 |
        Temple |      3 |      3 |      0 |      0 |      0 |   1 |    3.0 |
               +--------+--------+--------+--------+--------+-----+--------+

Top non-repeatable levels by time:
     D:7: 1013 daAuts
     D:3: 824 daAuts
     D:4: 798 daAuts
     D:5: 796 daAuts
     D:2: 796 daAuts
     D:6: 719 daAuts
     D:1: 657 daAuts
     D:8: 81 daAuts
  Temple: 3 daAuts
